Cogmind - Beta 11 @@@ ROGUE MODE // 2022.03.23 @ 19:38:54 Player: Red Box Result: Self-destructed Performance ------------- Evolutions (0) 0 Regions Visited (4) 800 Robots Destroyed (24) 120 Value Destroyed (518) 518 Prototype IDs (25) 500 Alien Tech Used (0) 0 Bonus (360) 360 TOTAL SCORE: 2298 Bonus ------- Follower Combat Kills 60 Aligned with FarCom 300 Cogmind --------- Core Integrity 59/250 Matter 300/300 Energy 100/100 System Corruption 2% Temperature Cool (12) Movement Rolling (105) Ox1 Location -9/Mines Parts ------- > --- POWER (1) -------- (None) > --- PROPULSION (2) --- Wheel Compact Wheel > --- UTILITY (2) ------ Improved Heat Sink High-capacity Storage Unit > --- WEAPON (2) ------- (None) > --- INVENTORY (20) --- Light Nuclear Core Fission Core Compact Wheel Improved Heat Sink Large Battery (200) High-capacity Matter Pod (200) Propulsion Shielding Propulsion Shielding Propulsion Shielding Utility Shielding Utility Shielding Utility Shielding Decoy Drone Bay PSU Rigger Spread Laser Light Cannon Light Cannon Grenade Launcher Hammer Peak State ------------ > --- POWER ------------ Improved Ion Engine > --- PROPULSION ------- Wheel Compact Wheel > --- UTILITY ---------- High-capacity Storage Unit PSU Rigger > --- WEAPON ----------- Medium Laser Particle Gun > --- INVENTORY -------- Fission Core Compact Wheel Improved Heat Sink Improved Heat Sink Large Battery High-capacity Matter Pod Propulsion Shielding Propulsion Shielding Propulsion Shielding Utility Shielding Utility Shielding Utility Shielding Decoy Drone Bay Spread Laser Light Cannon Light Cannon Grenade Launcher Hammer [Rating: 20] Favorites ----------- Power Ion Engine Engine Ion Engine Propulsion Compact Wheel Leg Aluminum Leg Wheel Compact Wheel Utility High-capacity Storage Unit Device Improved Heat Sink Storage High-capacity Storage Unit Protection Utility Shielding Weapon Medium Laser Energy Gun Medium Laser Energy Cannon Beam Cannon Ballistic Gun Assault Rifle Ballistic Cannon Light Cannon Launcher Grenade Launcher Build | -11 -10 -10 -10 -9 ------- Run | Scr Mat Min Exi Min Slots Evolved . | . . . . . Power . | . . . . . Propulsion . | . . . . . Utility . | . . . . . Weapon . | . . . . . Parts Attached 34 | 6 14 9 1 4 Power 6 | 1 2 2 . 1 Engine 6 | 1 2 2 . 1 Core . | . . . . . Reactor . | . . . . . Propulsion 6 | 2 2 1 . 1 Treads . | . . . . . Leg 2 | 2 . . . . Wheel 4 | . 2 1 . 1 Hover . | . . . . . Flight . | . . . . . Utility 9 | 1 4 1 1 2 Device 4 | . 1 1 . 2 Storage 4 | 1 2 . 1 . Processor . | . . . . . Hackware . | . . . . . Protection 1 | . 1 . . . Artifact . | . . . . . Weapon 13 | 2 6 5 . . Energy Gun 3 | . 1 2 . . Energy Cannon 3 | . 3 . . . Ballistic Gun 2 | 2 . . . . Ballistic Cannon 2 | . . 2 . . Launcher 3 | . 2 1 . . Special Weapon . | . . . . . Impact Weapon . | . . . . . Slashing Weapon . | . . . . . Piercing Weapon . | . . . . . Special Melee Weapon . | . . . . . Unidentified Prototypes . | . . . . . Parts Lost 6 | . . 3 . 3 Power 1 | . . . . 1 Propulsion 1 | . . 1 . . Utility . | . . . . . Weapon 4 | . . 2 . 2 Highest Loss Streak 3 | . . 3 . 3 To Critical Strikes . | . . . . . Average Slot Usage (%) 99 | . 98 99 100 100 Engine 14 | . 14 14 14 14 Leg 4 | . 11 . . . Wheel 23 | . 16 27 28 28 Device 12 | . 10 14 14 14 Storage 14 | . 14 14 14 14 Energy Gun 18 | . 10 18 28 28 Energy Cannon 6 | . 10 9 . . Ballistic Gun 2 | . 6 . . . Naked Turns . | . . . . . Heaviest Build 54 | 12 51 51 51 54 Greatest Support 32 | 20 32 32 26 26 Greatest Overweight (x) 3 | . 1 3 1 2 Average Overweight (x) . | . . 1 1 1 Largest Inventory Capacity 20 | 8 20 20 20 20 Average Capacity 17 | 6 15 20 20 20 Most Carried 20 | 5 20 20 20 20 Average Carried 16 | 2 13 19 19 19 Final Capacity 20 | 8 20 20 20 20 Final Carried 20 | 5 20 19 20 20 Class Distribution -------------------- 64% | Mutant 35% | Scavenger-Mutant Dominant Class ---------------- Mutant | -10/Materials Mutant | -10/Mines Scavenger-Mutant | -10/Exiles Scavenger-Mutant | -9/Mines Resources | -11 -10 -10 -10 -9 ----------- Run | Scr Mat Min Exi Min Matter Collected 680 | 238 276 111 . 55 Remotely . | . . . . . Salvage Created 717 | . 559 158 . . Parts 46 | . 38 8 . . Haulers Intercepted 2 | . 2 . . . Recyclers Shooed 4 | . 4 . . . Parts Field Recycled . | . . . . . Retrieved Matter . | . . . . . Parts Self-Destructed . | . . . . . Prevented . | . . . . . Kills | -11 -10 -10 -10 -9 ------- Run | Scr Mat Min Exi Min Combat Hostiles Destroyed 16 | . 12 4 . . Guns 5 | . 4 1 . . Cannons 8 | . 5 3 . . AOE 3 | . 3 . . . Classes Destroyed 7 | . 7 . . . Worker 2 | . 2 . . . Builder 1 | . 1 . . . Hauler 2 | . 2 . . . Recycler 1 | . 1 . . . Watcher 2 | . 2 . . . Swarmer 6 | . 6 . . . Grunt 10 | . 6 4 . . Best Kill Streak 4 | . 4 3 . . Combat Bots Only 3 | . 3 3 . . Max Kills in Single Turn 2 | . 2 1 . . Gunslinging . | . . . . . Exploded 2 | . 2 . . . Melee . | . . . . . Uniques/NPCs Destroyed . | . . . . . Combat | -11 -10 -10 -10 -9 -------- Run | Scr Mat Min Exi Min Damage Taken 981 | . 458 258 . 265 Core 191 | . 78 35 . 78 Absorbed by Shields . | . . . . . Core Remaining (%) 100 | 100 . . . . Volleys Fired 67 | . 54 11 . 2 Largest 2 | . 2 2 . 2 Hottest 115 | . 110 110 . 115 Shots Fired 134 | . 108 22 . 4 Gun 83 | . 68 11 . 4 Cannon 47 | . 37 10 . . Launcher 4 | . 3 1 . . Special . | . . . . . Kinetic 32 | . 28 4 . . Thermal 98 | . 77 17 . 4 Explosive 4 | . 3 1 . . Electromagnetic . | . . . . . Robot Hit Streak 9 | . 9 5 . 1 Robot Miss Streak 4 | . 4 2 . 3 Penetration Max . | . . . . . Secondary Targets . | . . . . . Shots Hit Robots 79 | . 65 13 . 1 Core Hits 38 | . 31 7 . . Critical Kills . | . . . . . Critical Parts Destroyed 1 | . 1 . . . Critical Strikes 3 | . 2 1 . . Burn 2 | . 1 1 . . Destroy 1 | . 1 . . . Melee Attacks . | . . . . . Impact . | . . . . . Slashing . | . . . . . Piercing . | . . . . . Sneak Attacks . | . . . . . Combat Hostiles . | . . . . . Follow-up Attacks . | . . . . . Damage Inflicted 1503 | . 1231 259 . 13 Guns 691 | . 614 64 . 13 Cannons 561 | . 435 126 . . Explosions 251 | . 182 69 . . Melee . | . . . . . Ramming . | . . . . . Kinetic 279 | . 261 18 . . Thermal 973 | . 788 172 . 13 Explosive 251 | . 182 69 . . Electromagnetic . | . . . . . Impact . | . . . . . Slashing . | . . . . . Piercing . | . . . . . Highest Corruption . | . . . . . Average Corruption . | . . . . . Corruption Purged . | . . . . . Corruption Blocked . | . . . . . Overload Shots . | . . . . . Overflow Damage 18 | . 18 . . . Projectiles 11 | . 11 . . . Explosions 7 | . 7 . . . Melee . | . . . . . Knockbacks . | . . . . . Impact . | . . . . . Kinetic . | . . . . . Secondary . | . . . . . Self-Inflicted Damage . | . . . . . Shots . | . . . . . Rammed . | . . . . . Targets Rammed . | . . . . . Kicked . | . . . . . Crushed . | . . . . . Highest Temperature 303 | . 303 69 . 66 Average Temperature 61 | . 70 22 . 32 Received Heat Transfer 408 | . 207 165 . 36 Siege Activations . | . . . . . Robots Corrupted . | . . . . . Combat Hostiles . | . . . . . Parts Fried . | . . . . . Impact Corruptions . | . . . . . Robots Melted . | . . . . . Combat Hostiles . | . . . . . Parts Melted 5 | . 5 . . . Heat Transferred 2479 | . 1961 481 . 37 Parts Sabotaged . | . . . . . Parts Stolen . | . . . . . Parts Stripped . | . . . . . Power Chain Reactions . | . . . . . Missiles Intercepted . | . . . . . Alert | -11 -10 -10 -10 -9 ------- Run | Scr Mat Min Exi Min Peak Influence 234 | . 234 154 . . Initial 91 | . . 91 . . Average 62 | . 74 73 . . Maximum Alert Level 1 | . 1 . . . Low Security (%) 95 | 100 89 100 . 100 Level 1 4 | . 10 . . . Level 2 . | . . . . . Level 3 . | . . . . . Level 4 . | . . . . . Level 5 . | . . . . . High Security . | . . . . . Max Security . | . . . . . Squads Dispatched 3 | . 3 . . . Investigation 2 | . 2 . . . Extermination . | . . . . . Reinforcement 1 | . 1 . . . Assault . | . . . . . Garrison . | . . . . . Intercept . | . . . . . Searches Triggered . | . . . . . Construction Impeded . | . . . . . Haulers Reinforced . | . . . . . Active Scanning Responses . | . . . . . Cargo Convoy Interrupts . | . . . . . Stealth | -11 -10 -10 -10 -9 --------- Run | Scr Mat Min Exi Min Distress Signals 1 | . 1 . . . Communications Jammed . | . . . . . Distress Signals . | . . . . . Times Spotted 26 | . 18 6 . 2 Peak Tracking Total 4 | . 4 2 . 2 Tactical Retreats . | . . . . . Traps | -11 -10 -10 -10 -9 ------- Run | Scr Mat Min Exi Min Traps Triggered 2 | . 1 . . 1 Indirectly . | . . . . . Trap Hack Attempts . | . . . . . Triggered . | . . . . . Disarmed . | . . . . . Reprogrammed . | . . . . . Reused . | . . . . . Traps Extracted . | . . . . . Installed . | . . . . . Triggered . | . . . . . Power Sources Rigged 1 | . . . . 1 Exploded 1 | . . . . 1 Machines | -11 -10 -10 -10 -9 ---------- Run | Scr Mat Min Exi Min Machines Disabled 3 | . 1 2 . . Max in Single Turn 2 | . 1 2 . . Machines Sabotaged . | . . . . . Garrisons Compromised . | . . . . . Overloaded Fab Kills . | . . . . . Hacking | -11 -10 -10 -10 -9 --------- Run | Scr Mat Min Exi Min Machines Accessed 11 | . 8 . 2 1 Terminals 6 | . 6 . . . Fabricators . | . . . . . Repair Stations . | . . . . . Recycling Units 2 | . 2 . . . Scanalyzers . | . . . . . Garrison Access . | . . . . . Total Hacks 34 | . 31 . 2 1 Successful 21 | . 18 . 2 1 Failed 13 | . 13 . . . Catastrophic 1 | . 1 . . . Database Lockouts . | . . . . . Manual 23 | . 22 . 1 . Terminals 26 | . 26 . . . Fabricators . | . . . . . Repair Stations . | . . . . . Recycling Units 5 | . 5 . . . Scanalyzers . | . . . . . Garrison Access . | . . . . . Terminal Hacks 14 | . 11 . 2 1 Record 1 | . . . 1 . Part Schematic 2 | . 2 . . . Robot Analysis 3 | . 3 . . . Prototype ID Bank 2 | . 2 . . . Open Door 1 | . . . . 1 Terminal Index 1 | . 1 . . . Alert Level 1 | . 1 . . . Unreport Threat 1 | . 1 . . . Locate Traps 1 | . 1 . . . EX-Prototype ID Bank 1 | . . . 1 . Fabricator Hacks . | . . . . . Repair Station Hacks . | . . . . . Recycling Unit Hacks 1 | . 1 . . . Retrieve Components 1 | . 1 . . . Scanalyzer . | . . . . . Garrison Access Hacks . | . . . . . Unauthorized Hacks 6 | . 6 . . . Terminals 5 | . 5 . . . Assimilate 1 | . 1 . . . Botnet 3 | . 3 . . . Operators 1 | . 1 . . . Fabricators . | . . . . . Repair Stations . | . . . . . Recycling Units 1 | . 1 . . . Tunnel 1 | . 1 . . . Scanalyzers . | . . . . . Garrison Access . | . . . . . Data Cores Recovered . | . . . . . Used . | . . . . . Hacking Detections 8 | . 8 . . . Full Trace Events 1 | . 1 . . . Feedback Events . | . . . . . Feedback Blocked . | . . . . . Robot Schematics Acquired . | . . . . . Robots Built . | . . . . . Authchips . | . . . . . Time . | . . . . . Total Robot Build Rating . | . . . . . Part Schematics Acquired 2 | . 2 . . . Parts Built . | . . . . . Authchips . | . . . . . Time . | . . . . . Total Part Build Rating . | . . . . . Parts Repaired . | . . . . . Time . | . . . . . Parts Recycled . | . . . . . Recycled Matter . | . . . . . Retrieved Matter . | . . . . . Retrieved Components 1 | . 1 . . . Parts Scanalyzed . | . . . . . Part Schematics Acquired . | . . . . . Parts Damaged . | . . . . . Bothacking | -11 -10 -10 -10 -9 ------------ Run | Scr Mat Min Exi Min Used RIF Installer . | . . . . . Robots Hacked . | . . . . . Non-combat . | . . . . . Combat . | . . . . . Robot Hacks Applied . | . . . . . Relay Couplers Released . | . . . . . Fabnet Peak Effective % . | . . . . . Robots Rewired . | . . . . . Allies Hacked . | . . . . . Hacks Repelled . | . . . . . Allies | -11 -10 -10 -10 -9 -------- Run | Scr Mat Min Exi Min Total Allies 4 | . . 4 . . Largest Group 4 | . . 4 . . Highest-Rated Group 71 | . . 71 . . Highest-Rated Ally 31 | . . 31 . . Total Orders . | . . . . . Ally Attacks 20 | . . 20 . . Total Damage 246 | . . 246 . . Kills 2 | . . 2 . . Allies Corrupted . | . . . . . Allies Melted . | . . . . . Intel | -11 -10 -10 -10 -9 ------- Run | Scr Mat Min Exi Min Robot Analysis Total 3 | . 3 . . . Derelict Logs Recovered 3 | . . 1 . 2 Drone Launches . | . . . . . Drone Recoveries . | . . . . . Exploration | -11 -10 -10 -10 -9 ------------- Run | Scr Mat Min Exi Min Turns Passed 2956 | 61 1174 836 563 322 Spaces Moved 2260 | 41 781 655 529 254 Core 2 | 2 . . . . Treads . | . . . . . Legs 308 | 39 269 . . . Wheels 1950 | . 512 655 529 254 Hover . | . . . . . Flight . | . . . . . Fastest Speed 50 | 50 115 105 105 105 Average Speed 113 | 116 119 111 105 119 Slowest Speed 190 | 120 190 145 105 120 Overloaded Moves . | . . . . . Propulsion Burnouts . | . . . . . Robots Hopped . | . . . . . Cave-ins Triggered . | . . . . . Exploration Rate (%) 65 | 3 98 99 75 51 Regions Visited 4 Branch Regions 3 Pre-discovered Areas 2 | . 1 . 1 . Known Exits Taken . | . . . . . Unknown Exits Taken 4 | 1 1 1 1 . Scrap Searched 2 | . . 1 . 1 Spaces Dug . | . . . . . Terrain Destroyed 16 | . 16 . . . Melee . | . . . . . Projectile . | . . . . . AOE 16 | . 16 . . . Terrain Rammed . | . . . . . Walls Destroyed . | . . . . . Machines Disabled . | . . . . . Actions | -11 -10 -10 -10 -9 --------- Run | Scr Mat Min Exi Min Total 2517 | 51 918 739 539 270 Wait 80 | . 30 49 . 1 Move 2256 | 40 780 654 528 254 Hop . | . . . . . Pick Up 47 | 5 26 8 5 3 Fast Attach 6 | 6 . . . . Attach 4 | . 1 3 . . Detach . | . . . . . Swap 24 | . 13 6 1 4 Drop 32 | . 14 8 5 5 Fire 67 | . 54 11 . 2 Melee . | . . . . . Ram . | . . . . . Kick . | . . . . . Crush . | . . . . . Escape Stasis . | . . . . . Rewire . | . . . . . Trap 1 | . . . . 1 Miscellaneous . | . . . . . Route ------- -11/Scrapyard -10/Materials (discovered 4 exits: [*Mat x3] / [*Min]) -10/Mines (discovered 3 exits: [*Mat x2] / *Exi) -10/Exiles -9/Mines (discovered 1 exit: [*Mat]) History --------- Turn | Location | Event 5 | -11/Scrapyard | Discovered new exit (range 16) 62 | -11/Scrapyard | Entered Materials 305 | -10/Materials | Build established: Mutant 358 | -10/Materials | Discovered new exit (range 10) 710 | -10/Materials | Discovered new exit (range 15) 946 | -10/Materials | Discovered new exit (range 13) 1038 | -10/Materials | Discovered new exit (range 15) 1236 | -10/Materials | Entered Mines 1338 | -10/Mines | Deemed a non-threat by the Exiles lab entrance 1338 | -10/Mines | Discovered new exit (range 5) 1398 | -10/Mines | Received a Mining Laser from a helpful Derelict 1460 | -10/Mines | Discovered new exit (range 10) 1475 | -10/Mines | Assisted by bots powering up and referring to "LRC-V3" 1564 | -10/Mines | Discovered new exit (range 3) 1759 | -10/Mines | Learned location of 1 exit from Materials 1814 | -10/Mines | Lost 3 parts (1n2w) 2072 | -10/Mines | Entered Exiles 2101 | -10/Exiles | Met 8R-AWN 2114 | -10/Exiles | Met EX-HEX 2127 | -10/Exiles | Build established: Scavenger-Mutant 2151 | -10/Exiles | Met EX-BIN 2167 | -10/Exiles | Met EX-DEC 2171 | -10/Exiles | Learned location of Zion (-6) 2240 | -10/Exiles | Aligned with FarCom system 2242 | -10/Exiles | Given EX-Vault access code 2266 | -10/Exiles | Opened EX-Vault 2274 | -10/Exiles | Found Cloak of Protection 2312 | -10/Exiles | Found PSU Rigger 2335 | -10/Exiles | Warned to stay clear of 0b10 Research branches 2511 | -10/Exiles | Visited The Gauntlet 2624 | -10/Exiles | Discovered new exit (range 12) 2635 | -10/Exiles | Left Exiles lab with PSU Rigger 2635 | -10/Exiles | Entered Mines 2644 | -9/Mines | Learned Materials terminal intel 2719 | -9/Mines | Found the Drone Emporium 2739 | -9/Mines | Found Prototype Device 2746 | -9/Mines | Core integrity fell below 50% 2782 | -9/Mines | Learned Materials trap positions 2938 | -9/Mines | Discovered new exit (range 5) 2957 | -9/Mines | Self-destructed Last Messages --------------- 02765_ U-05 Engineer lays Concrete. 02769_ U-05 Engineer builds a Wall. 02777_ U-05 Engineer lays Concrete. 02782_ Acquired derelict log, extracted data. Data stored: Materials trap records. 02782_ U-05 Engineer lays Concrete. 02938_ EXIT=FOUND 02957_ A derelict is hurriedly installing traps. 02957_ Triggered Dirty Bomb Trap. 02957_ An explosion rips through the floor. 02957_ Dirty Bomb Trap short circuited. 02957_ JW-96L(g) destroyed. 02957_ An explosion rips through the floor. 02957_ Dirty Bomb Trap short circuited. 02957_ Particle Gun destroyed. 02957_ An explosion rips through the floor. 02957_ Chain reaction triggered in Corrupted Lgt. Angular Momentum Engine. 02957_ Imp. Ion Engine destroyed. 02957_ Med. Laser destroyed. Map ----- +----------------------------------------------------+ | ??## ###??# """ """ """ #????# | | ???###????# """ """ """ #???## | | ??????????# ##### | | ??????????######## ######## | | ??#############??# ####### | | ??# #??# | | ??# #??######### #### | | ??# ############ ##?? | | ??# """ """ ##? | | ??# """ """ ############ ## | | ??# """ """ #?????????## | | ??# """ """ #????????## ### | | ??# #??????### ##?? | | ??# """ """ #?????## ##?? | | ??# """ """ #????## """ ##? | | ??# """ """ #???## """ ## | | ??# """ """ #???# """ # | | ??# ????## # | | ??####; # ###?????# ### ## | | ??##;;; ;#?????# #?## ##? | | ??# ;#?????# #??### #?? | | ??# ##?????# #????# #?? | | ??# ;#?????# #????# #?? | | ?## % ##?????# #????? #?? | | ?#; ####??# #????? ## | | ?#; @ #### #### # | | ?#;; ### """ ? | | ?### ;#?# < """ | | ???### ;;#?## ####### """? | | ?????## ;###??# #??????? """? | | ??????#####????# #???????? ? | | ???????????????# #????????? | | ???????????????# #?????????? | | ???????????????# ????????????## | | ???????????????###?????????????? | | ???????????????????????????????? | | ???????????????????????????????? | | ???????????????????????????????? | | ???????????????????????????????? | | ???????????????????????????????? | | ???????????????????????????????? | | ???????????????????????????????? | | ???????????????????????????????? | | ???????????????????????????????? | | ???????????????????????????????? | | ???????????????????????????????? | | ???????????????????????????????? | | ???????????????????????????????? | | ???????????????????????????????? | | ???????????????????????????????? | +----------------------------------------------------+ Best States ------------- Heat Dissipation 39 Energy Generation 12 Energy Capacity 265 Matter Stores 300 Matter Capacity 300 Sight Range 16 Terrain Scan Density 10 Utility Shielding 33 Evasion (%) 55 Item Schematics ----------------- Hcp. Storage Unit | -10/Materials | Hacked Hcp. Matter Pod | -10/Materials | Hacked Robot Schematics ------------------ None Fabricated ------------ Nothing Alien Tech Used ----------------- None Achievements -------------- None Challenges ------------ None Game ------ Seed AccelerationWarpDetonator Manual? 0 Play Time 00:25:22 Cumulative 176.0 hours Start 2022.03.23 @ 19:12:52 End 2022.03.23 @ 19:38:54 Sessions 1 Manual Loads 0 Difficulty Rogue Special Mode None Game No. 168 Rogue 168 Adventurer 0 Explorer 0 Win Type - Total 0 Types 0/0/0/0/0/0/0/0/0 Lore% 39 Gallery% 47 Achievement% 36 Wizard Run 0 Options --------- ASCII 0 Keyboard 0 Movement Mouse Keybinds 0 Fullscreen 1 Font 16/SmallcapsGlow Map View 75x55 Tactical HUD 1 Map Filters NONE Filters NONE Steam 1 RUN: 62b37d18-54b1-460f-a5b4-546342e7a4ec